[Event "*** MasterClass Titled Tuesday Blitz"]
[Site "Chess.com"]
[Date "2017.08.01"]
[Round "2"]
[White "Jospem"]
[Black "Muracle"]
[Result "1-0"]
[WhiteElo "2611"]
[BlackElo "2430"]
[TimeControl "180+2"]
[EndTime "13:23:15 PDT"]
[Termination "Jospem won by resignation"]

1. e4 c5 2. Nf3 Nc6 3. c3 Nf6 4.
e5 Nd5 5. d4 cxd4 6. cxd4 d6 7.
exd6 e6 8. Nc3 Bxd6 9. Bd3 O-O 10.
O-O h6 11. a3 Nce7 12. Re1 b6 13. Ne4 Bc7 14. Bc2 Bb7 15. Qd3 Ng6 16. g3 Nf6 17.
Nc3 Rc8 18. Bd2 Nd5 19. Ne2 Bb8 20. Rac1 Nf6 21. Nc3 Nd5 22. h4 Nxc3 23. bxc3 Qd5 24. Re3 h5 25. Qe2 Qd6 26. Ng5 Rfe8 27. Qxh5 e5 28. Bb3 Bd5 29. Bxd5 Qxd5 30. Qh7+ Kf8 31. c4 Rxc4 32. Rxc4 Qxc4 33. Bb4+ Re7 34. h5 Qc1+ 35. Kh2 Qf1 36. Rf3 Ke8 37. hxg6 e4 38. gxf7+ Kd7 39. Qf5+ 1-0

[Event "*** MasterClass Titled Tuesday Blitz"]
[Site "Chess.com"]
[Date "2017.08.01"]
[Round "2"]
[White "El-Ajedrecista"]
[Black "HouseOfDurin"]
[Result "0-1"]
[WhiteElo "1827"]
[BlackElo "1872"]
[TimeControl "180+2"]
[EndTime "13:23:20 PDT"]
[Termination "HouseOfDurin won by resignation"]

1. d4 Nf6 2. c4 c5 3. d5 b5 4. cxb5 a6 5. bxa6 Bxa6 6. Nc3 d6 7. g3 g6 8. Bg2 Bg7 9. Nf3 O-O 10. O-O Nbd7 11.
Rb1 Ra7 12. a4 Qa8 13. b3 Rb8 14. Nd2 Nb6 15. Re1 Nbxd5 16. Nxd5 Nxd5 17. Qc2 Bb7 18. Nc4 Nb4 19. Bxb7 Nxc2 20. Bxa8 Nxe1 21. Bc6 Nc2 22. Bb5 Nd4 23. Na3 Rab7 24. e3 Nxb5 25.
Nxb5 Rxb5 26. axb5 Rxb5 27. Kf1 Bc3 28. Ke2 c4 29. Bd2 Bxd2 30. Kxd2 cxb3 31. Kc3 Kg7 32. Kb2 Kf6 33. Ra1 Rb7 34. Ra8 h5 35. Rf8 Ke6 36. h4 Kf6 37. Re8 e6 38. Rd8 Ke5 39. Rf8 Ke4 40.
Rxf7 Rxf7 0-1

[Event "*** MasterClass Titled Tuesday Blitz"]
[Site "Chess.com"]
[Date "2017.08.01"]
[Round "2"]
[White "Usurpov"]
[Black "Vrolijk"]
[Result "0-1"]
[WhiteElo "2284"]
[BlackElo "2509"]
[TimeControl "180+2"]
[EndTime "13:23:21 PDT"]
[Termination "Vrolijk won by resignation"]

1. e4 e5 2. Nf3 Nc6 3. Nc3 Nf6 4. d4 exd4 5. Nxd4 Bb4 6. Nxc6 bxc6 7. Bd3 d5 8. exd5 cxd5 9. O-O O-O 10. Qf3 Be6 11. h3 h6 12. Ne2 c5 13. c3 Ba5 14. Bf4 Qd7 15. Rad1 Rfe8 16. Bxh6 Rab8 17. Bc1 Bc7 18. c4 d4 19. b3 a5 20. Nf4 Bxf4 21.
Bxf4 Rb6 22. Be5 Bg4 23. hxg4 Rxe5 24. Bf5 Qd8 25. Rfe1 Rxe1+ 26. Rxe1 g6 27. Bd3 Kg7 28.
Re5 Nd7 29. Rd5 Re6 30. Qf4 Qe7 31. g3 Nf6 32. g5 Nxd5 33. cxd5 Re1+ 34. Kg2 Qe5 35.
Qf3 Qxg5 36. d6 Qh6 37. Bf1 Re8 38. Bc4 Rf8 39. d7 Qg5 40. Qd5 Qxd5+ 41. Bxd5 0-1

[Event "*** MasterClass Titled Tuesday Blitz"]
[Site "Chess.com"]
[Date "2017.08.01"]
[Round "2"]
[White "TheLancer"]
[Black "MITerryble"]
[Result "1-0"]
[WhiteElo "2477"]
[BlackElo "2675"]
[TimeControl "180+2"]
[EndTime "13:23:27 PDT"]
[Termination "TheLancer won on time"]

1. e4 e6 2. d4 d5 3. Nc3 Nf6 4. Bg5 Bb4 5. e5 h6 6. Be3 Ne4 7. Qg4 Kf8 8. a3 Bxc3+ 9. bxc3 Nxc3 10. Bd3 c5 11. dxc5 Nc6 12. Nf3 f5 13. Qh3 Ne4 14.
O-O Kg8 15. Rae1 Qe8 16. c4 g5 17. g4 h5 18. gxf5 g4 19. Qg2 exf5 20. cxd5 Kh7 21.
Bxe4 gxf3 22. Qxf3 Qg6+ 23. Qg2 Rg8 24. Qxg6+ Rxg6+ 25. Bg2 Nxe5 26. Kh1 Nd3 27. Rd1 Ne5 28. d6 1-0

[Event "*** MasterClass Titled Tuesday Blitz"]
[Site "Chess.com"]
[Date "2017.08.01"]
[Round "2"]
[White "BigMak2500"]
[Black "Rodalquilar"]
[Result "1-0"]
[WhiteElo "2430"]
[BlackElo "2537"]
[TimeControl "180+2"]
[EndTime "13:23:27 PDT"]
[Termination "BigMak2500 won by checkmate"]

1. e4 e5 2. Nf3 Nc6 3. Bc4 d6 4. c3 Qf6 5. d3 h6 6. O-O Nge7 7. Be3 g5 8. d4 Ng6 9. Na3 a6 10. d5 Nce7 11. b4 Nf4 12. b5 g4 13. Nd2 h5 14.
bxa6 bxa6 15. Qa4+ Bd7 16. Bb5 Bxb5 17. Nxb5 Kd8 18.
Qa5 Rc8 19. Nxc7 Rxc7 20. Bb6 Bh6 21. Bxc7+ Kd7 22. Nc4 Rc8 23. Nb6+ Kxc7 24. Nxc8+ Kxc8 25. Qxa6+ Kd8 26. Rab1 Nexd5 27. Rb8+ Ke7 28. Qb7+ Ke6 29. Re8+ Ne7 30. Qb3+ d5 31. exd5+ Kf5 32. d6 Ned5 33. d7 Ne2+ 34. Kh1 Ke4 35. f3+ gxf3 36. Qc2+ Ke3 37.
Rxf3+ Qxf3 38. gxf3 Kf2 39. d8=Q Ne3 40. Qh4+ Kxf3 41. Qce4# 1-0

[Event "*** MasterClass Titled Tuesday Blitz"]
[Site "Chess.com"]
[Date "2017.08.01"]
[Round "2"]
[White "AllStarShark"]
[Black "1e41-0"]
[Result "1-0"]
[WhiteElo "2310"]
[BlackElo "2331"]
[TimeControl "180+2"]
[EndTime "13:23:27 PDT"]
[Termination "AllStarShark won on time"]

1. e4 e6 2. d4 d5 3. Nc3 Bb4 4. e5 b6 5. Qg4 Bf8 6. h4 Qd7 7. Nf3 Ba6 8. a4 Bxf1 9. Kxf1 Nc6 10. Bd2 Nb4 11. Ne1 a5 12. Nb5 Ne7 13. c3 Nbc6 14. h5 h6 15. Rh3 Nf5 16. Rf3 Na7 17. Nxa7 Rxa7 18. Qf4 Be7 19. g4 Bg5 20. Qh2 Ne7 21. Bxg5 hxg5 22. Rh3 Ng8 23. Nd3 Nh6 24. f3 Qe7 25. Qc2 O-O 26. Ke2 c5 27. dxc5 bxc5 28. Rg3 c4 29. Nf2 Qc7 30. Kf1 Qxe5 31. Kg2 Rb7 32.
Rh3 Rfb8 33. Rb1 Rb6 34. Rhh1 R8b7 35. Qd2 Qf4 36. Qc2 Qb8 37. Nd1 Rb3 38. Qd2 Qf4 39.
Qc2 1-0

[Event "*** MasterClass Titled Tuesday Blitz"]
[Site "Chess.com"]
[Date "2017.08.01"]
[Round "2"]
[White "RitvarsReimanis"]
[Black "ShimanovAlex"]
[Result "0-1"]
[WhiteElo "2370"]
[BlackElo "2615"]
[TimeControl "180+2"]
[EndTime "13:23:28 PDT"]
[Termination "ShimanovAlex won by resignation"]

1. d4 Nf6 2. c4 g6 3. f3 Bg7 4. e4 O-O 5. Ne2 d6 6. Be3 Nc6 7. d5 Ne5 8. Nec3 c5 9. Be2 e6 10. O-O exd5 11. cxd5 a6 12. a4 Ne8 13. f4 Nd7 14. Nd2 Rb8 15. Bd3 f5 16. exf5 gxf5 17. Nf3 Ndf6 18. Ng5 Nc7 19. a5 Ng4 20. Bd2 h6 21. Nf3 Bd7 22. Qc2 Nb5 23. Ne2 Qe7 24. Rae1 Qf7 25. h3 Nf6 26. Bxf5 Bxf5 27. Qxf5 Nxd5 28.
Qxf7+ Rxf7 29. b3 Re8 30. g3 Rfe7 31. Nc1 Nd4 32. Rxe7 Rxe7 33. Kg2 Ne3+ 34. Bxe3 Rxe3 35. Nxd4 Bxd4 36. Rd1 h5 37. h4 Kf7 38. Nd3 Ke6 39. Re1 Rxe1 40. Nxe1 Bc3 41. Nd3 Bxa5 42. Kf3 Bd2 43.
g4 hxg4+ 44. Kxg4 b5 45. h5 c4 46. bxc4 bxc4 47. Nf2 d5 48. h6 Kf6 49. h7 Kg7 50. Kf5 a5 51. Ke6 a4 52. f5 a3 53. f6+ Kxh7 54.
Ng4 a2 55. f7 Bb4 56. Nf6+ Kg6 57. Nxd5 a1=Q 0-1

[Event "*** MasterClass Titled Tuesday Blitz"]
[Site "Chess.com"]
[Date "2017.08.01"]
[Round "2"]
[White "AndrewDGreen"]
[Black "djano"]
[Result "0-1"]
[WhiteElo "2170"]
[BlackElo "2350"]
[TimeControl "180+2"]
[EndTime "13:23:30 PDT"]
[Termination "djano won by resignation"]

1. d4 e6 2. Nf3 d5 3. Bf4 Bd6 4. Bg3 Nf6 5. e3 c5 6. c3 Nc6 7. Nbd2 O-O 8. Bd3 cxd4 9. exd4 Re8 10. O-O Bxg3 11. hxg3 Bd7 12. Re1 Qb6 13. Rb1 Rac8 14. Qe2 Re7 15. Nf1 Be8 16. N1h2 h6 17. g4 Qc7 18.
Ne5 Nxe5 19. dxe5 Nd7 20. Nf3 Nc5 21. Bc2 a6 22. Nd4 b5 23. g3 a5 24. Nxb5 Bxb5 25.
Qxb5 Nd7 26. Qd3 g6 27. Qe3 Kg7 28. Kg2 Qc4 29. Rh1 Rh8 30. Rh4 g5 31. Rh5 Qxg4 32.
Rbh1 f5 33. f3 f4 34. Qe1 Qxg3+ 35. Qxg3 fxg3 36. Kxg3 Nxe5 37. f4 Nf7 38. fxg5 Nxg5 39. Bd3 e5 40. Bf5 e4 41. Kf4 e3 42. Re1 Rf8 43.
Rh2 Re4+ 0-1

[Event "*** MasterClass Titled Tuesday Blitz"]
[Site "Chess.com"]
[Date "2017.08.01"]
[Round "2"]
[White "Jamaladam12200620"]
[Black "renanreis"]
[Result "0-1"]
[WhiteElo "1973"]
[BlackElo "2015"]
[TimeControl "180+2"]
[EndTime "13:23:31 PDT"]
[Termination "renanreis won on time"]

1. e4 e6 2. d4 d5 3. Nd2 c5 4. c3 Nc6 5. Bb5 Nf6 6. e5 Nd7 7.
Ne2 Qa5 8. Bd3 cxd4 9. cxd4 Nb4 10. Bb1 Nb6 11. O-O Bd7 12. Nb3 Qa6 13. a3 Nc6 14.
Bd3 Nc4 15. Nc3 b5 16. f4 Qb6 17. Bb1 a5 18. f5 a4 19. Nxd5 exd5 20. e6 fxe6 21.
Qh5+ g6 22. fxg6 O-O-O 23. Nc5 Bxc5 24. dxc5 Qxc5+ 25. Kh1 hxg6 26. Qxg6 Ne3 27. Bxe3 Qxe3 28. Ba2 Rxh2+ 29. Kxh2 Rh8+ 0-1

[Event "*** MasterClass Titled Tuesday Blitz"]
[Site "Chess.com"]
[Date "2017.08.01"]
[Round "2"]
[White "joppie2"]
[Black "nutibara"]
[Result "1-0"]
[WhiteElo "2606"]
[BlackElo "2238"]
[TimeControl "180+2"]
[EndTime "13:23:32 PDT"]
[Termination "joppie2 won by resignation"]

1. e4 c5 2. Nf3 Nc6 3. d4 cxd4 4. Nxd4 Nf6 5. Nc3 e6 6. Ndb5 d6 7. Bf4 e5 8. Bg5 a6 9. Na3 b5 10. Nd5 Be7 11. Bxf6 Bxf6 12. c3 Bg5 13. Nc2 Ne7 14.
Ncb4 O-O 15. a4 bxa4 16. Rxa4 a5 17. Nxe7+ Qxe7 18. Nd5 Qb7 19. b3 Be6 20. Bc4 Rfc8 21. Qd3 Qc6 22. O-O Bd8 23. Rfa1 Rab8 24. g3 Bxd5 25. exd5 Qc5 26. Rc1 Bb6 27. Rc2 Re8 28. Bb5 Re7 29. Rc4 Qa3 30. Ba4 Bc5 31. Qd1 e4 32.
Kg2 g6 33. Qb1 Reb7 34. Ra2 Rxb3 35. Bxb3 Qxb3 36. Qxb3 Rxb3 37. Rxa5 Rb2 38. Raxc5 dxc5 39. Rxc5 e3 40. Kf3 e2 41. Rc8+ Kg7 42. Re8 Rd2 43. c4 Rd4 44. Rxe2 Rxc4 45. Rd2 Kf8 46. d6 Ke8 47. Re2+ Kf8 48. d7 Rd4 49. Re8+ Kg7 50.
d8=Q 1-0

[Event "*** MasterClass Titled Tuesday Blitz"]
[Site "Chess.com"]
[Date "2017.08.01"]
[Round "2"]
[White "OldweakGM"]
[Black "Keaton87"]
[Result "1-0"]
[WhiteElo "2621"]
[BlackElo "2490"]
[TimeControl "180+2"]
[EndTime "13:23:33 PDT"]
[Termination "OldweakGM won by checkmate"]

1. Nf3 d5 2. d4 Nf6 3. Bf4 c5 4. e3 Nc6 5. c3 Qb6 6. Qb3 c4 7. Qc2 Bf5 8. Qc1 Qd8 9. Nbd2 b5 10. Be2 h6 11. Ne5 Nxe5 12. dxe5 Ne4 13. Nf3 Nc5 14.
Nd4 Bd3 15. e6 fxe6 16. b4 cxb3 17. Nxe6 Nxe6 18. Bxd3 Nxf4 19. exf4 bxa2 20. Bg6+ Kd7 21. O-O Qb6 22. f5 e5 23. Bf7 Qc5 24. Bxd5 Rd8 25. Rxa2 Bd6 26. Be6+ Ke7 27. Qd1 g6 28. Qg4 gxf5 29. Bxf5 Rdg8 30. Qf3 Rf8 31. Qh3 Bc7 32.
Rd2 Rf6 33. Rd7+ Kf8 34. Be4 Rg8 35. Qh4 Rg5 36. Kh1 Bb6 37. Rh7 Rxf2 38. Qxh6+ Ke8 39. Qe6+ Kf8 40. Rh8+ Kg7 41. Rg8# 1-0

[Event "*** MasterClass Titled Tuesday Blitz"]
[Site "Chess.com"]
[Date "2017.08.01"]
[Round "2"]
[White "XDPS"]
[Black "Rsnr"]
[Result "1/2-1/2"]
[WhiteElo "2523"]
[BlackElo "2517"]
[TimeControl "180+2"]
[EndTime "13:23:40 PDT"]
[Termination "Game drawn by agreement"]

1. d4 d5 2. c4 c6 3. Nf3 Nf6 4.
Nbd2 Bf5 5. Nh4 Be4 6. Qb3 Qb6 7. e3 e6 8. Be2 Be7 9. f3 Bg6 10. Nxg6 hxg6 11. Qxb6 axb6 12. cxd5 exd5 13. Nb1 b5 14. Bd3 Nbd7 15. Bd2 Bd6 16. h3 Bg3+ 17. Ke2 O-O 18. Bb4 Rfe8 19. Na3 Nb6 20. b3 Nbd7 21. Nc2 Nh5 22. Kd2 f5 23. a4 bxa4 24. Rxa4 Nb6 25. Rxa8 Rxa8 26. Ra1 Rxa1 27. Nxa1 Kf7 28. Nc2 Nd7 29.
Bc3 Ke6 30. b4 b5 31. Na1 Nhf6 32. Nb3 Kd6 33. Nc5 Nb6 34. Ke2 Nc4 35. e4 fxe4 36. fxe4 dxe4 37. Bxe4 g5 38. Bf3 Bf4 39. Be1 Nd5 40.
Kd3 Ke7 41. Ne4 Nb2+ 42. Kc2 Nc4 43. g3 Be3 44. Kd3 Nb2+ 45. Kc2 Bxd4 46. Nxg5 Ne3+ 47. Kb3 Nd3 48. Bd2 Nc4 49. Kc2 Nde5 50. Be4 Nxd2 51. Kxd2 Kd6 52. Kc2 c5 53. bxc5+ Bxc5 54. g4 Be3 55.
Nf3 Nxf3 56. Bxf3 g5 1/2-1/2

[Event "*** MasterClass Titled Tuesday Blitz"]
[Site "Chess.com"]
[Date "2017.08.01"]
[Round "2"]
[White "michaelq2d5"]
[Black "Fablibi"]
[Result "1-0"]
[WhiteElo "2601"]
[BlackElo "2492"]
[TimeControl "180+2"]
[EndTime "13:23:41 PDT"]
[Termination "michaelq2d5 won by resignation"]

1. d4 Nf6 2. c4 g6 3. Nc3 Bg7 4. e4 d6 5. Nf3 O-O 6. Be2 Nbd7 7. Be3 e5 8. d5 Ng4 9. Bg5 f6 10. Bh4 a5 11. Nd2 Nh6 12. a3 Nf7 13. f3 Bh6 14.
Bf2 f5 15. O-O Nf6 16. c5 Nh5 17. g3 fxe4 18. Ndxe4 Bh3 19. Re1 Ng5 20. Nxg5 Qxg5 21. Ne4 Qe7 22. Qb3 Rab8 23. cxd6 cxd6 24. Qb6 Rbd8 25.
Qxa5 Nf6 26. Bf1 Bc8 27. Be3 Bxe3+ 28. Rxe3 Nxe4 29. fxe4 Qf6 30. Qd2 Rf7 31. Bg2 Qg5 32. Rf1 Rxf1+ 33. Bxf1 Rf8 34. Bg2 h5 35. Re2 Qf6 36. Rf2 Qxf2+ 37. Qxf2 Rxf2 38. Kxf2 Kf7 39. Ke3 Ke7 40. Bf1 g5 41. a4 Kd8 42. a5 Kc7 43. b4 g4 44. Bb5 Bd7 45. Bxd7 Kxd7 46. b5 Kc7 47. b6+ Kc8 48. Kd3 Kb8 49. Kc3 Ka8 50.
Kb4 Kb8 51. Kb5 Ka8 52. a6 Kb8 53. axb7 Kxb7 54. Ka5 Kb8 55. Ka6 Ka8 56. b7+ Kb8 57.
Kb6 h4 58. Kc6 1-0

[Event "*** MasterClass Titled Tuesday Blitz"]
[Site "Chess.com"]
[Date "2017.08.01"]
[Round "2"]
[White "GMKrikor"]
[Black "Pudor"]
[Result "1-0"]
[WhiteElo "2523"]
[BlackElo "2224"]
[TimeControl "180+2"]
[EndTime "13:23:42 PDT"]
[Termination "GMKrikor won by checkmate"]

1. e4 c5 2. Nf3 Nc6 3. Bb5 Qb6 4.
Nc3 e6 5. O-O Nge7 6. Re1 a6 7.
Bxc6 Nxc6 8. e5 d5 9. exd6 Bxd6 10.
Ne4 Be7 11. b3 O-O 12. Bb2 Qc7 13. Qe2 b5 14. Rad1 Bb7 15. d3 h6 16. Qe3 Nb4 17. Re2 Nd5 18. Qc1 Qf4 19. Qa1 Qg4 20. h3 Qg6 21.
Ne5 Qh5 22. Ng3 Qg5 23. Nf3 Qg6 24. Ne5 Qg5 25. Nf3 Qg6 26. Re4 Nf6 27. Ne5 Qh7 28.
Ree1 Rad8 29. Qc1 Nd5 30. Ne4 f5 31. Nd2 Nf4 32. Ndf3 g5 33. Re3 h5 34. Ne1 g4 35. Qd2 gxh3 36. Rg3+ Kh8 37. Nf7# 1-0

[Event "*** MasterClass Titled Tuesday Blitz"]
[Site "Chess.com"]
[Date "2017.08.01"]
[Round "2"]
[White "nekochabo"]
[Black "maciek_92"]
[Result "0-1"]
[WhiteElo "2503"]
[BlackElo "2512"]
[TimeControl "180+2"]
[EndTime "13:23:43 PDT"]
[Termination "maciek_92 won by resignation"]

1. Nf3 Nf6 2. g3 b6 3. Bg2 Bb7 4. O-O e6 5. c4 d5 6. b3 Bd6 7. Bb2 O-O 8. Nc3 Nbd7 9. e3 a6 10. d4 Qe7 11. a3 c5 12. cxd5 exd5 13. Nh4 Qe6 14. Re1 Rfe8 15. Rc1 Rac8 16. Ne2 g5 17. Nf3 Ne4 18. dxc5 bxc5 19. Qd3 Rcd8 20. Nc3 Ndf6 21. Nd2 c4 22. Qe2 Nxd2 23. Qxd2 cxb3 24. e4 Nxe4 25. Nxe4 dxe4 26. Qxg5+ Qg6 27. Qe3 Bd5 28. Red1 Be5 29. Bxe5 Rxe5 30. Rc5 Qf6 31. h4 Rd6 32. Kh2 Kg7 33.
Bh3 h6 34. a4 b2 35. Rb1 Be6 36. Bg2 Rxc5 37. Qxc5 Rd2 38. Kg1 Ba2 39. Re1 b1=Q 40. Rxb1 Bxb1 41. Qc1 Qxf2+ 0-1

[Event "*** MasterClass Titled Tuesday Blitz"]
[Site "Chess.com"]
[Date "2017.08.01"]
[Round "2"]
[White "Malev212"]
[Black "platy3"]
[Result "0-1"]
[WhiteElo "2488"]
[BlackElo "2601"]
[TimeControl "180+2"]
[EndTime "13:23:50 PDT"]
[Termination "platy3 won on time"]

1. e4 c5 2. Nf3 d6 3. d4 cxd4 4. Nxd4 Nf6 5. Nc3 Nc6 6. Bc4 e6 7. Be3 a6 8. Bb3 Bd7 9. f4 Be7 10. Qf3 Nxd4 11. Bxd4 Bc6 12. O-O-O Qc7 13. g4 O-O 14. g5 Nd7 15. Rhg1 Nc5 16. f5 Nxb3+ 17. axb3 exf5 18. Qxf5 Bd7 19. Qf2 Be6 20. h4 Qa5 21.
Kb1 Rfc8 22. h5 Bxg5 23. Nd5 h6 24. Rxg5 hxg5 25. Ne7+ Kh7 26. h6 Qd8 27. Nxc8 Rxc8 28. hxg7 Kg6 29. Rh1 f6 30. Qh2 Bg8 31. Qh6+ Kf7 32.
Rf1 Qe7 33. Rxf6+ Ke8 34. Rf8+ Kd7 35. Qh3+ Qe6 36. Qh8 Re8 37. Qh5 g4 38. Qa5 Qxe4 39.
Bc3 Bxb3 40. Rxe8 Qxc2+ 0-1

[Event "*** MasterClass Titled Tuesday Blitz"]
[Site "Chess.com"]
[Date "2017.08.01"]
[Round "2"]
[White "Blitzking4444"]
[Black "Grootneus"]
[Result "0-1"]
[WhiteElo "2142"]
[BlackElo "2051"]
[TimeControl "180+2"]
[EndTime "13:23:52 PDT"]
[Termination "Grootneus won by resignation"]

1. e4 c5 2. Nf3 Nc6 3. Bb5 Nf6 4. Nc3 Qc7 5. O-O Nd4 6. d3 a6 7. Bc4 e6 8. a4 Ng4 9. g3 Nxf3+ 10. Qxf3 Ne5 11. Qf4 Bd6 12. Qe3 Nxc4 13. dxc4 Be5 14. Ne2 d6 15. Qd3 O-O 16. c3 Bd7 17. f4 Bf6 18.
Be3 Bc6 19. Rfd1 Rad8 20. g4 h6 21. a5 b6 22. axb6 Qxb6 23. b4 Qb7 24. Ng3 cxb4 25. Rab1 Bxc3 26. Bd2 Bxd2 27. Rxd2 a5 28. g5 hxg5 29.
fxg5 d5 30. exd5 exd5 31. c5 d4 32. Re1 Qb5 33. Qf5 Rd5 34. Qh3 Qxc5 35. g6 d3+ 36. Kf1 Bd7 37. gxf7+ Rxf7+ 38. Nf5 Rfxf5+ 39. Rf2 Rxf2+ 40. Kg1 Bxh3 0-1

[Event "*** MasterClass Titled Tuesday Blitz"]
[Site "Chess.com"]
[Date "2017.08.01"]
[Round "2"]
[White "CheckThis4"]
[Black "Spartakus1975"]
[Result "0-1"]
[WhiteElo "2308"]
[BlackElo "2550"]
[TimeControl "180+2"]
[EndTime "13:23:56 PDT"]
[Termination "Spartakus1975 won on time"]

1. d4 d5 2. c4 c6 3. Nc3 Nf6 4.
Nf3 a6 5. e3 Bf5 6. Bd3 Bxd3 7.
Qxd3 e6 8. O-O Bb4 9. Bd2 Ba5 10. Rad1 O-O 11. a3 Nbd7 12. b4 Bc7 13. e4 dxe4 14.
Nxe4 Nxe4 15. Qxe4 Qf6 16. Bg5 Qg6 17. Qxg6 hxg6 18.
d5 cxd5 19. cxd5 exd5 20. Rxd5 Nb6 21. Rd4 Rac8 22. h4 Rfe8 23. Rc1 f6 24. Be3 Rxe3 25.
fxe3 Bh2+ 26. Kxh2 Rxc1 27. Rd8+ Kf7 28. Rb8 Rc7 29.
e4 Nc4 30. a4 Re7 31. Kg3 Nd6 32. e5 Ne4+ 33. Kf4 Nc3 34. exf6 gxf6 35. b5 axb5 36. axb5 Nxb5 37. Rh8 Kg7 38. Rd8 Rc7 39. g4 Nc3 40. g5 b5 41. Nd4 fxg5+ 42. hxg5 Kf7 43. Rd6 Rc4 44. Ke5 Rc5+ 45. Kf4 Nd5+ 46. Ke4 Nc7 47. Rf6+ Kg7 48. Rd6 b4 49. Rd7+ Kg8 50. Nf3 b3 51.
Ne5 b2 52. Rd8+ Kg7 53. Rd7+ Kf8 54. Nxg6+ Ke8 55. Rd1 Rc1 0-1

[Event "*** MasterClass Titled Tuesday Blitz"]
[Site "Chess.com"]
[Date "2017.08.01"]
[Round "2"]
[White "hermionegrangermagic"]
[Black "MartinMatthiesen"]
[Result "0-1"]
[WhiteElo "2339"]
[BlackElo "2208"]
[TimeControl "180+2"]
[EndTime "13:24:01 PDT"]
[Termination "MartinMatthiesen won by checkmate"]

1. d4 Nf6 2. c4 e6 3. g3 c5 4.
d5 exd5 5. cxd5 d6 6. Bg2 g6 7. Nf3 Bg7 8. O-O O-O 9. Nc3 Re8 10. Nd2 Nbd7 11. a4 a6 12. a5 b5 13. axb6 Nxb6 14.
e4 Ng4 15. Qe2 a5 16. h3 Ne5 17. f4 Ba6 18. Nb5 Nec4 19. b3 Ne3 20. Rxa5 Nxf1 21. Bxf1 Nxd5 22. Rxa6 Rxa6 23. Qf3 Ra1 24. exd5 Rxc1 25.
Ne4 f5 26. Nd2 Ree1 27. Na3 Bd4+ 28. Kg2 Qe7 29. Nac4 Rc2 30. h4 Ra1 31. h5 Raa2 32. Qd3 Qe1 33. Kh3 Rxd2 34. Nxd2 Rxd2 35. Qa6 Qe8 36.
Bc4 Rd1 37. Qxd6 Rh1+ 38. Kg2 Qe4# 0-1

[Event "*** MasterClass Titled Tuesday Blitz"]
[Site "Chess.com"]
[Date "2017.08.01"]
[Round "2"]
[White "nihalsarin"]
[Black "IvaVidenova"]
[Result "0-1"]
[WhiteElo "2623"]
[BlackElo "2477"]
[TimeControl "180+2"]
[EndTime "13:24:04 PDT"]
[Termination "IvaVidenova won by resignation"]

1. c4 Nf6 2. g3 g6 3. Bg2 Bg7 4. Nc3 O-O 5. d3 d6 6. Nf3 c5 7. O-O Nc6 8. Rb1 h6 9. a3 Kh7 10.
b4 Ne8 11. Bd2 Nd4 12. bxc5 dxc5 13. Nxd4 cxd4 14. Nd5 Rb8 15. Qa4 a6 16. Ba5 Qd6 17. Bb4 Qe6 18. Bxe7 Rg8 19. Bf3 Bd7 20. Qa5 Bc6 21.
Rb6 g5 22. Rfb1 Nd6 23. Qc5 Nf5 24. Be4 Kh8 25. Bxf5 Qxf5 26. Qd6 Rbe8 27. R1b2 Qe6 28. Qc5 f5 29. Bd6 Rd8 30. Bc7 Rd7 31. R6b4 f4 32.
Ba5 fxg3 33. hxg3 Bf8 34. Qb6 Bxb4 35. Qxd4+ Kh7 36. Bxb4 Bxd5 37. cxd5 Qxd5 38. Qxd5 Rxd5 39. Bc3 Rb5 40. Rxb5 axb5 41. e4 Rc8 42. Bb4 Rc1+ 43. Kg2 Rd1 44. e5 Rxd3 45. f4 g4 46. Kf2 Rf3+ 47.
Ke2 Kg6 48. Be1 Kf5 49. Bf2 Rxa3 0-1

[Event "*** MasterClass Titled Tuesday Blitz"]
[Site "Chess.com"]
[Date "2017.08.01"]
[Round "2"]
[White "rubhani"]
[Black "grzechu96"]
[Result "0-1"]
[WhiteElo "2380"]
[BlackElo "2417"]
[TimeControl "180+2"]
[EndTime "13:24:04 PDT"]
[Termination "grzechu96 won by resignation"]

1. e4 c5 2. Nf3 d6 3. d4 cxd4 4. Nxd4 Nf6 5. Nc3 a6 6. Be2 e6 7. O-O Be7 8. f4 Nc6 9. Be3 O-O 10. Qe1 Bd7 11. Qg3 Nxd4 12. Bxd4 Bc6 13. Rad1 b5 14. a3 Qb8 15. Kh1 a5 16. b4 Qb7 17.
e5 dxe5 18. fxe5 Ne4 19. Nxe4 Bxe4 20. c3 axb4 21. axb4 Ra2 22. Bf3 Bxf3 23. Rxf3 Qe4 24. h3 Bh4 25. Qf4 Qxf4 26. Rxf4 Bg5 27. Rf2 Rfa8 28.
Rxa2 Rxa2 29. Kg1 Kf8 30. Bc5+ Ke8 31. Kf1 Bf4 32. Bd4 h5 33. Rd3 h4 34. Rd1 g5 35.
Re1 Kd7 36. Re2 Rxe2 37. Kxe2 Kc6 38. Kf3 Kd5 39. Kg4 Ke4 40. Kh5 Kf5 41. Kh6 g4+ 42. Kg7 gxh3 43. gxh3 Bxe5+ 44. Bxe5 Kxe5 45. Kxf7 Kd5 46. Kf6 Kc4 47. Kg5 Kxc3 48. Kxh4 e5 49. Kg4 e4 50. Kf4 Kd3 51. h4 e3 52. Kf3 e2 53.
h5 e1=Q 54. h6 0-1

[Event "*** MasterClass Titled Tuesday Blitz"]
[Site "Chess.com"]
[Date "2017.08.01"]
[Round "2"]
[White "ZoltanChef"]
[Black "1lec"]
[Result "0-1"]
[WhiteElo "2113"]
[BlackElo "2039"]
[TimeControl "180+2"]
[EndTime "13:24:14 PDT"]
[Termination "1lec won by checkmate"]

1. e4 c5 2. Nf3 d6 3. Nc3 Nf6 4. d4 cxd4 5. Nxd4 a6 6. Bg5 e6 7. Qd2 h6 8. Bh4 Nxe4 9. Bxd8 Nxd2 10. Bb6 Nxf1 11. Rxf1 Nd7 12. O-O-O Nxb6 13. Rfe1 Be7 14. Kb1 O-O 15. f4 Bf6 16. Ne4 Be7 17. g4 Bd7 18. f5 e5 19. f6 Bxf6 20. Nxf6+ gxf6 21. Nf5 Bxf5 22. gxf5 d5 23. Rd3 Rac8 24. Rb3 Rc6 25. a3 Rfc8 26. Re2 d4 27. Rg2+ Kf8 28. Rh3 e4 29. Rxh6 d3 30. cxd3 exd3 31. Rd2 Rd6 32. Rh3 Rcd8 33. b3 a5 34. a4 Rd4 35. Kb2 R8d5 36.
Kc3 Ke7 37. Rf3 Kd6 38. Re3 Nd7 39. Re8 Ne5 40. Rd8+ Ke7 41. Rxd5 Rxd5 42. h4 Kf8 43. h5 Kg7 44. Rg2+ Kh6 45. Rh2 Nf3 46. Rf2 d2 47.
Rxf3 d1=Q 48. Rh3 Qd2+ 49. Kc4 Qd4# 0-1

[Event "*** MasterClass Titled Tuesday Blitz"]
[Site "Chess.com"]
[Date "2017.08.01"]
[Round "2"]
[White "micfel"]
[Black "YaWaleriy"]
[Result "0-1"]
[WhiteElo "2264"]
[BlackElo "2211"]
[TimeControl "180+2"]
[EndTime "13:24:15 PDT"]
[Termination "YaWaleriy won on time"]

1. e4 e6 2. d4 d5 3. Nd2 c5 4. exd5 exd5 5. dxc5 Bxc5 6. Nb3 Bb6 7.
Nf3 Nf6 8. Bd3 O-O 9. O-O Bg4 10. h3 Bh5 11. Re1 Nc6 12. c3 Qd6 13. Be3 Bc7 14. g3 Rfe8 15. Bf1 Ne4 16. g4 Bg6 17. Bg2 a6 18.
Nbd4 h5 19. Nh4 Qh2+ 20. Kf1 Nxd4 21. Bxd4 Ng5 22. Nxg6 Nxh3 23. Ne7+ Rxe7 24. Rxe7 Bd6 25. Qf3 Ng5 26. Rxf7 Nxf3 27. Rxg7+ Kf8 28. Bxf3 Qh3+ 29. Bg2 Qd3+ 30. Kg1 Bc5 31. Bf1 Qe4 32. Re1 Qxe1 33. Rh7 Bxd4 34. cxd4 Re8 0-1

[Event "*** MasterClass Titled Tuesday Blitz"]
[Site "Chess.com"]
[Date "2017.08.01"]
[Round "2"]
[White "Keranke"]
[Black "Aygehovit1992"]
[Result "0-1"]
[WhiteElo "2648"]
[BlackElo "2460"]
[TimeControl "180+2"]
[EndTime "13:24:17 PDT"]
[Termination "Aygehovit1992 won by resignation"]

1. d4 Nf6 2. Nf3 g6 3. Bf4 Bg7 4. h3 O-O 5. e3 d6 6. Nbd2 b6 7.
a4 Bb7 8. a5 bxa5 9. Nc4 Nc6 10. Be2 Nd5 11. Bh2 Nb6 12. Nxa5 Nxa5 13. Rxa5 c5 14. O-O cxd4 15. exd4 Qc7 16. c3 Nc4 17. Ra2 a5 18. Nd2 Nxd2 19. Qxd2 Bd5 20. c4 Be4 21. Rfa1 Rfb8 22. Bg3 h5 23. Bh4 e5 24. d5 Bf5 25.
Rxa5 Rxa5 26. Rxa5 Rxb2 27. Ra8+ Rb8 28. Ra6 Kh7 29. Rc6 Qd7 30. Kh2 e4 31. Bg3 Rb2 32.
Qd1 e3 33. fxe3 Qe7 34. Bf3 Be5 35. Qe1 h4 36. Bxe5 Qxe5+ 37. Kg1 g5 38. e4 Bxh3 39. Rc7 Kg6 40. c5 Bxg2 41. Bxg2 h3 42. Bf3 Qh2+ 43. Kf1 Rg2 44. Bh5+ Kxh5 45. Qd1+ Kh6 0-1